AoeStats
← My_Name_Is_Mimmox

Arabia

510618180Analyzed
2v2 RM · 2d ago on Oct 1, 2026· 32m 41s· 4 players
Game mode
Random Map
Map size
Medium (4 player)
Population
200
Speed
Normal
Resources
Standard
Victory
Conquest
Starting age
Dark Age
Ending age
Imperial Age
RankedLock teamsTeams togetherTeam positionsShared explorationLock speedFull tech treeHidden civsTurbo modeCheats
Victory
Defeat
🇮🇹 Britons · Italy
1554
+11
🇮🇹 Persians · Italy
1433
+15
🇩🇪 Wei · Germany
1443
-14
🇩🇪 Mongols · Germany
1412
-12
My_Name_Is_Mimmox
7:13 Loom
9:26 Feudal Age
10:13 Double-Bit Axe
15:05 Fletching
25:13 Castle Age
23:16 Horse Collar
24:30 Padded Archer Armor
24:59 Gold Mining
25:16 Crossbowman
26:05 Bodkin Arrow
30:02 Wheelbarrow
29:55 Bow Saw
31:35 Ballistics
32:19 Leather Archer Armor
Monesi28
5:27 Loom
5:39 Loom
8:48 Feudal Age
9:27 Double-Bit Axe
10:03 Horse Collar
18:19 Wheelbarrow
22:45 Castle Age
20:57 Forging
21:14 Scale Barding Armor
21:50 Bloodlines
22:33 Light Cavalry
23:28 Town Watch
23:43 Gold Mining
24:52 Husbandry
25:36 Husbandry
27:39 Iron Casting
28:55 Chain Barding Armor
Parry Hotter
8:06 Loom
9:51 Feudal Age
10:32 Loom
11:49 Double-Bit Axe
14:52 Horse Collar
15:59 Fletching
18:55 Padded Archer Armor
25:55 Castle Age
24:46 Scale Barding Armor
24:52 Forging
25:40 Bloodlines
26:58 Wheelbarrow
27:00 Crossbowman
30:52 Chain Barding Armor
Fresh Dumbledore
7:04 Loom
9:15 Feudal Age
9:45 Double-Bit Axe
11:29 Town Watch
13:09 Horse Collar
19:14 Gold Mining
22:34 Castle Age
22:31 Scale Barding Armor
22:37 Bloodlines
23:42 Chain Barding Armor
23:25 Heavy Plow
23:37 Bow Saw
23:40 Stone Mining
25:55 Wheelbarrow
26:20 Forging
Connection lost

Rejoining the realm…

Still unreachable

The connection could not be restored.

Session expired

The server has moved on; the page needs a fresh start.